 Dungeon Sprint DCSS version 0.30-a0-210-g01b79a254e (webtiles) character file.

Game seed: 1043575062312492164

95 rocky1 the Chopper (level 4, 0/52 HPs)
             Began as an Ogre Gladiator on Oct 5, 2022.
             Was an Initiate of Okawaru.
             Slain by a gnoll bouda
             ... wielding a +0 whip
              (6 damage)
             ... in the Dungeon (Sprint VII: "The Pits").
             The game lasted 00:03:43 (263 turns).

rocky1 the Chopper (Ogre Gladiator)                  Turns: 263, Time: 00:03:44

Health: 0/52       AC:  3    Str: 20    XL:     4   Next: 66%
Magic:  4/4        EV: 10    Int:  9    God:    Okawaru [......]
Gold:   0          SH:  0    Dex: 10    Spells: 3/3 levels left

rFire   . . .      SeeInvis .    a - +0 war axe
rCold   . . .      Faith    .    (no shield)
rNeg    . . .      Spirit   .    b - +0 robe
rPois   .          Reflect  .    c - +0 hat
rElec   .          Harm     .    (no cloak)
rCorr   .          Rampage  .    (gloves unavailable)
Will    .....      NoTele   +    (boots unavailable)
Stlth   +.........               (no amulet)
HPRegen 0.28/turn                (no ring)
MPRegen 0.09/turn                (no ring)

@: on berserk cooldown, slowed, very slow
A: large, unfitting armour, tough skin 1
a: Renounce Religion


You were in the Dungeon.
You worshipped Okawaru.
Okawaru was noncommittal.
You visited 1 branch

Inventory:

Hand Weapons
 a - a +0 war axe (weapon)
 n - a +1 vorpal flail
Missiles
 d - 3 throwing nets (quivered)
 e - a large rock
Armour
 b - a +0 robe (worn)
 c - a +0 hat (worn)
Scrolls
 k - a scroll of blinking
 m - 5 scrolls of amnesia
Potions
 f - 6 potions of curing
 g - 4 potions of heal wounds
 h - a potion of haste
 i - 4 potions of magic
 j - 2 potions of berserk rage
 l - 2 potions of invisibility


   Skills:
 + Level 5.7 Fighting
 * Level 6.3 Axes
 + Level 4.3 Throwing
 + Level 4.4 Dodging


You had 3 spell levels left.
You didn't know any spells.
Your spell library was empty.

Dungeon Overview and Level Annotations

Branches:
Dungeon (1/1)

Altars:
Ashenzari
Cheibriados
Dithmenos
Elyvilon
Fedhas
Gozag
Hepliaklqana
Kikubaaqudgha
Makhleb
Nemelex Xobeh
Okawaru
Qazlal
Ru
Sif Muna
Trog
Uskayaw
Vehumet
Wu Jian
Xom
Yredelemnul
Zin
The Shining One
Jiyva
Lugonu


Innate Abilities, Weirdness & Mutations

You are too large for most types of armour.
You have tough skin. (AC +1)


Message History

Unknown command.
You feel much better. The jackal bites you. The jackal misses you.
Unknown command.
You hit the jackal but do no damage.
Your attacks no longer feel as feeble.
The gnoll is no longer moving quickly.
The jackal bites you but does no damage.
The gnoll bouda barks out a call to the hunt!
The gnolls pick up the pace!
The jackal bites you but does no damage.
The jackal closely misses you.
You hit the jackal.
The jackal is heavily wounded.
The jackal closely misses you. The jackal misses you.
The gnoll bouda gazes fiercely through you!
You feel your attacks grow feeble.
Unknown command.
You slash the jackal!
You kill the jackal!
Okawaru accepts your kill.
The gnoll bouda hits you with a +0 whip!
You closely miss the gnoll bouda.
Your attacks no longer feel as feeble.
The gnoll hits you from afar with a +0 spear.
The gnoll bouda hits you but does no damage.
The gnoll barely misses you. The gnoll bouda closely misses you.
You slash the gnoll bouda!
The gnoll bouda is heavily wounded.
The gnoll hits you from afar with a +0 spear.
The gnoll bouda hits you with a +0 whip.
The gnoll hits you from afar with a +0 spear!
* * * LOW HITPOINT WARNING * * *
You hit the gnoll bouda.
The gnoll bouda is severely wounded.
The gnoll bouda mumbles some strange prayers to its god.
The gnoll bouda is healed somewhat.
The gnoll hits you from afar with a +0 spear.
* * * LOW HITPOINT WARNING * * *
The gnoll bouda hits you with a +0 whip.
You die...

#'#####)#####.....
#.#...#.#..##.....
#.#..(#.#.)#####'#
#.#...).#))##.....
#.##'####))##.....
#.#.....#[[##.....
#.#..†..#'###...<.
#.#........##.....
#@#........##.....
#g###########.....
#{g.....# ######
#g.#.#..# #.## #
#.. #.# #.. #..


You could see a gnoll bouda and 2 gnolls.

Vanquished Creatures
  A jelly (D)
  2 gnolls (D)
  An adder (D)
  2 river rats (D)
  An adder skeleton (D)
  4 orcs (D)
  A goblin (D)
  2 jackals (D)
  A kobold (D)
  A ball python skeleton (D)
  A frilled lizard (D)
17 creatures vanquished.

Notes
Turn   | Place    | Note
-------+----------+-------------------------------------------
     0 | D        | rocky1 the Ogre Gladiator began the quest for the Orb.
     0 | D        | Reached XP level 1. HP: 22/22 MP: 1/1
    22 | D        | Reached skill level 4 in Axes
    22 | D        | Reached XP level 2. HP: 31/31 MP: 2/2
    26 | D        | Found a bloodstained altar of Trog.
    26 | D        | Found a shimmering blue altar of Sif Muna.
    26 | D        | Found a viscous altar of Jiyva.
    26 | D        | Found a hazy altar of Hepliaklqana.
    26 | D        | Found an opulent altar of Gozag.
    27 | D        | Found a glowing golden altar of the Shining One.
    27 | D        | Found a glowing silver altar of Zin.
    27 | D        | Found a basalt altar of Yredelemnul.
    27 | D        | Found a shimmering altar of Xom.
    27 | D        | Found an ornate altar of the Wu Jian Council.
    27 | D        | Found a sacrificial altar of Ru.
    27 | D        | Found a stormy altar of Qazlal.
    27 | D        | Found an iron altar of Okawaru.
    27 | D        | Found a sparkling altar of Nemelex Xobeh.
    27 | D        | Found a burning altar of Makhleb.
    27 | D        | Found a blossoming altar of Fedhas.
    27 | D        | Found a white marble altar of Elyvilon.
    27 | D        | Found a shadowy altar of Dithmenos.
    27 | D        | Found a snail-covered altar of Cheibriados.
    31 | D        | Found a corrupted altar of Lugonu.
    31 | D        | Found a radiant altar of Vehumet.
    32 | D        | Found a broken altar of Ashenzari.
    32 | D        | Found an ancient bone altar of Kikubaaqudgha.
    32 | D        | Found a hide-covered altar of Uskayaw.
    37 | D        | Became a worshipper of Warmaster Okawaru
   110 | D        | Reached XP level 3. HP: 37/39 MP: 3/3
   131 | D        | Reached skill level 5 in Axes
   249 | D        | Reached skill level 5 in Fighting
   249 | D        | Reached skill level 6 in Axes
   249 | D        | Reached XP level 4. HP: 44/50 MP: 4/4
   263 | D        | Slain by a gnoll bouda

Illustrated notes

Levels and vault maps discovered:
D:        pitsprint [storerooms_1, entrance_room_1, metal_vault_7, armoury_3,
          mini_pit_1, grid_room_1, main_hall_1, silver_pit, the_coven_3,
          the_vestibule_1, steel_vault_3, golden_pit, hallway_of_sentries,
          crystal_vault_5, iron_vault_1, final_vault]

Skill      XL: |  1  2  3 |
---------------+----------+-----
Fighting       | 3 4 5 |  5.7
Axes           | 4 6 |  6.3
Dodging        | 3 4 |  4.4
Throwing       | 3 4 |  4.3

Action                   |  1- 3 |  4- 6 || total
-------------------------+-------+-------++-------
Melee: War axe           |    38 |    12 ||    50
  Use: Potion            |     2 |     1 ||     3
Armor: Robe              |     9 |     4 ||    13
Dodge: Dodged            |    22 |    18 ||    40

Table legend: (Time is in decaauts)
 A = Elapsed time spent in this place.
 B = Non-inter-level travel time spent in this place.
 C = Inter-level travel time spent in this place.
 D = Time resting spent in this place.
 E = Time spent auto-exploring this place.
 F = Levels seen in this place.
 G = Mean time per level.
                   A        B        C        D        E       F      G
               +--------+--------+--------+--------+--------+-----+--------+
         Total |    272 |    252 |     20 |     57 |      0 |   1 |  272.0 |
       Dungeon |    272 |    252 |     20 |     57 |      0 |   1 |  272.0 |
               +--------+--------+--------+--------+--------+-----+--------+

Top non-repeatable levels by time:
       D: 272 daAuts
